 Dungeon Crawl Stone Soup version 0.30-b1-2-g02819fbbbe (webtiles) character file.

Game seed: 4084589244877636673

368 maniek23 the Skirmisher (level 6, -8/45 HPs)
             Began as a Gnoll Hunter on July 26, 2023.
             Was a Follower of Hepliaklqana.
             Mangled by a slime creature (14 damage)
             ... created by the all-consuming vengeance of Jiyva
             ... in a sewer.
             The game lasted 00:10:39 (2687 turns).

maniek23 the Skirmisher (Gnoll Hunter)              Turns: 2687, Time: 00:10:39

Health: -8/45      AC:  5    Str: 10    XL:     6   Next: 69%
Magic:  9/9        EV: 14    Int:  9    God:    Hepliaklqana [*.....]
Gold:   159        SH:  0    Dex: 17    Spells: 9/9 levels left

rFire   . . .        a - +0 shortbow
rCold   . . .        (shield currently unavailable)
rNeg    . . .        c - +0 leather armour
rPois   .            r - +0 helmet
rElec   .            (no cloak)
rCorr   .            w - +0 pair of gloves
SInv    .            (no boots)
Will    .....        e - amulet of the acrobat
Stlth   ++           i - ring of flight
HPRegen 0.27/turn    (no ring)
MPRegen 0.11/turn

%: acrobat
@: flying, unable to drink
A: reduced essence, fangs 1, strong nose, distributed training, screaming 1,
inability to drink after injury 1
a: Renounce Religion, Recall Ancestor, Ancestor Identity


You were in a sewer.
You worshipped Hepliaklqana.
Hepliaklqana was aware of your devotion.
You visited 1 branch of the dungeon, and saw 4 of its levels.
You also visited: Sewer.

You collected 159 gold pieces.

Inventory:

Hand Weapons
 a - a +0 shortbow (weapon)
 b - a +0 short sword
Armour
 c - a +0 leather armour (worn)
 d - a +0 pair of gloves
 r - a +0 helmet (worn)
 w - a +0 pair of gloves (worn)
Jewellery
 e - an amulet of the acrobat (around neck)
 i - a ring of flight (left hand)
Wands
 A - a wand of flame (3)
Scrolls
 f - 2 scrolls of teleportation {unknown}
 h - a scroll of immolation
 j - a scroll of amnesia {unknown}
 k - 3 scrolls of silence {unknown}
 l - 2 scrolls of vulnerability {unknown}
 n - 3 scrolls of identify {unknown}
 p - a scroll of fear {unknown}
 q - a scroll of poison {unknown}
 s - a scroll of blinking {unknown}
 t - a scroll of enchant weapon {unknown}
 x - a scroll of brand weapon {unknown}
 y - 3 scrolls of enchant armour {unknown}
Potions
 g - 2 potions of brilliance {unknown}
 m - a potion of degeneration {unknown}
 o - a potion of haste {unknown}
 u - a potion of might {unknown}
 v - 2 potions of ambrosia {unknown}
 z - a potion of heal wounds {unknown}


   Skills:
 + Level 5.1 Fighting
 + Level 2.1 Short Blades
 + Level 2.1 Long Blades
 + Level 2.1 Axes
 + Level 2.1 Maces & Flails
 + Level 2.1 Polearms
 + Level 2.1 Staves
 + Level 8.8 Ranged Weapons
 + Level 2.1 Throwing
 + Level 2.1 Armour
 + Level 5.1 Dodging
 + Level 3.2 Stealth
 + Level 2.1 Shields
 + Level 2.1 Unarmed Combat
 + Level 2.1 Spellcasting
 + Level 1.7 Conjurations
 + Level 1.7 Hexes
 + Level 1.7 Summonings
 + Level 1.7 Necromancy
 + Level 1.7 Translocations
 + Level 1.7 Transmutations
 + Level 1.7 Fire Magic
 + Level 1.7 Ice Magic
 + Level 1.7 Air Magic
 + Level 1.7 Earth Magic
 + Level 1.7 Poison Magic
 + Level 2.4 Invocations
 + Level 2.1 Evocations


You had 9 spell levels left.
You didn't know any spells.
Your spell library was empty.

Dungeon Overview and Level Annotations

Branches:
Dungeon (4/15)              Sewer (1/1)
 Temple: D:4-7

Altars:
Hepliaklqana
Jiyva


Innate Abilities, Weirdness & Mutations

Your life essence is reduced to manifest your ancestor. (-10% HP)
You have very sharp teeth.
Your uncanny sense of smell can sniff out nearby items.
Your experience applies equally to all skills.
You occasionally shout uncontrollably at your foes.
You occasionally lose the ability to drink potions when taking damage.


Message History

Okay, then.
Done exploring.
Done exploring.
Done exploring.
Some slimes ooze up out of the ground!
A slime creature comes into view.
You shoot an arrow.
The arrow hits the slime creature but does no damage.
Evlynn barely misses the slime creature.
Evlynn hits the slime creature!
You shoot an arrow. The arrow hits the slime creature.
The slime creature is moderately wounded.
The slime creature hits you!
Evlynn hits the slime creature.
You shoot an arrow. The arrow hits the slime creature.
The slime creature is moderately wounded.
The slime creature misses you.
Evlynn hits the slime creature.
You shoot an arrow. The arrow hits the slime creature.
The slime creature is moderately wounded.
The slime creature hits you!
Evlynn hits the slime creature!
You shoot an arrow.
The arrow barely misses the slime creature.
The slime creature barely misses you.
Evlynn hits the slime creature.
You shoot an arrow. The arrow hits the slime creature!
The slime creature is severely wounded.
The slime creature hits you!
Evlynn hits the slime creature but does no damage.
You are too injured to fight recklessly!
You are too injured to fight recklessly!
You shoot an arrow. The arrow hits the slime creature.
The slime creature is severely wounded.
The slime creature hits you!
You feel threatened and lose the ability to drink potions!
* * * LOW HITPOINT WARNING * * *
Evlynn hits the slime creature.
Evlynn hits the slime creature.
The slime creature misses you.
Evlynn closely misses the slime creature.
There is a gate leading back out of this place here.
The slime creature hits you!
You die...

#...##~# #...##~#
### #....#~## ###.~
#.....~.# ###.~..
#.....~.# ###.....#
#.....~.###.....###
######~..~~~~~.##
#.....~~###.....###
#.@JR.~.# ###.~.~~#
#.∩.#.~.# ###....
#...##~## ###..
######~# ### #~#
###


You could see the friendly Evlynn the ancestor and a slime creature (ally
target).

Vanquished Creatures
  Blork the orc (D:4)
  8 jellies (D:3)
  2 iguanas (D:4)
  7 adders
  A river rat (D:4)
  2 worms
  3 dart slugs
  4 ball pythons
  4 endoplasms
  2 giant cockroaches (D:4)
  3 goblins
  5 hobgoblins
  9 jackals
  3 quokkas
  8 bats
  2 frilled lizards
  7 kobolds
  3 rats
74 creatures vanquished.

Vanquished Creatures (collateral kills)
  A water moccasin (Sewer)
1 creature vanquished.

Vanquished Creatures (others)
  An adder (D:3)
  An endoplasm (D:3)
  A hobgoblin (D:3)
  A plant (D:3)
4 creatures vanquished.

Grand Total: 79 creatures vanquished

Notes
Turn   | Place    | Note
-------+----------+-------------------------------------------
     0 | D:1      | maniek23 the Gnoll Hunter began the quest for the Orb.
     0 | D:1      | Reached XP level 1. HP: 20/20 MP: 1/1
   131 | D:1      | Reached XP level 2. HP: 26/26 MP: 2/2
   597 | D:2      | Reached XP level 3. HP: 17/31 MP: 3/3
   858 | D:2      | Reached skill level 1 in Invocations
  1161 | D:2      | Reached skill level 1 in Short Blades
  1161 | D:2      | Reached skill level 1 in Long Blades
  1161 | D:2      | Reached skill level 1 in Axes
  1161 | D:2      | Reached skill level 1 in Maces & Flails
  1161 | D:2      | Reached skill level 1 in Polearms
  1161 | D:2      | Reached skill level 1 in Staves
  1161 | D:2      | Reached skill level 1 in Throwing
  1161 | D:2      | Reached skill level 1 in Armour
  1161 | D:2      | Reached skill level 1 in Shields
  1161 | D:2      | Reached skill level 1 in Unarmed Combat
  1161 | D:2      | Reached skill level 1 in Spellcasting
  1161 | D:2      | Reached skill level 1 in Evocations
  1197 | D:2      | You are sucked into a shaft and drop 1 floor!
  1252 | D:3      | Found a faded altar of an unknown god.
  1270 | D:3      | Prayed at the altar of an unknown god.
  1270 | D:3      | Became a worshipper of Jiyva Janigih the Shapeless
  1270 | D:3      | Reached * piety under Jiyva
  1279 | D:3      | Reached XP level 4. HP: 38/38 MP: 5/5
  1474 | D:3      | Found a hazy altar of Hepliaklqana.
  1475 | D:3      | Fell from the grace of Jiyva
  1483 | D:3      | Became a worshipper of Hepliaklqana the Forgotten
  1822 | D:2      | Reached skill level 1 in Conjurations
  1822 | D:2      | Reached skill level 1 in Hexes
  1822 | D:2      | Reached skill level 1 in Summonings
  1822 | D:2      | Reached skill level 1 in Necromancy
  1822 | D:2      | Reached skill level 1 in Translocations
  1822 | D:2      | Reached skill level 1 in Transmutations
  1822 | D:2      | Reached skill level 1 in Fire Magic
  1822 | D:2      | Reached skill level 1 in Ice Magic
  1822 | D:2      | Reached skill level 1 in Air Magic
  1822 | D:2      | Reached skill level 1 in Earth Magic
  1822 | D:2      | Reached skill level 1 in Poison Magic
  1831 | D:2      | Found a hazy altar of Hepliaklqana.
  2239 | D:4      | Gained mutation: You occasionally shout uncontrollably at
                  | your foes. [mutagenic glow]
  2244 | D:4      | Gained mutation: You occasionally lose the ability to drink
                  | potions when taking damage. [mutagenic glow]
  2383 | D:4      | Noticed Blork the orc
  2390 | D:4      | Killed Blork the orc
  2391 | D:4      | Reached XP level 5. HP: 43/43 MP: 7/7
  2423 | D:4      | Reached XP level 6. HP: 43/50 MP: 8/8
  2535 | D:4      | Reached * piety under Hepliaklqana
  2548 | D:4      | Reached skill level 5 in Fighting
  2548 | D:4      | Reached skill level 5 in Dodging
  2552 | D:4      | Found a glowing drain.
  2558 | Sewer    | Entered a sewer
  2608 | Sewer    | Noticed a water moccasin
  2613 | Sewer    | Killed a water moccasin
  2678 | Sewer    | Noticed a slime creature
  2687 | Sewer    | Mangled by a slime creature

Illustrated notes

Levels and vault maps discovered:
D:1:      onia_arrival_pyramid, layout_basic
D:2:      layout_loops_cross, basic_altar, solitary_fountain,
          kennysheep_cross_bottleneck
D:3:      layout_basic, nicolae_hepliaklqana_hazy_memory,
          shapermc_ecumenical_altar_totnotflames, corexii_corridor_pit,
          skrybe_limestone_x, minivault_14
D:4:      layout_basic, nicolae_dithmenos_through_a_glass_darkly,
          temple_statues, gup_sewer_entry_bubbles, uniq_blork_the_orc
Sewer:    sewer_the_moccasin

Skill      XL: |  1  2  3  4  5  6 |
---------------+-------------------+-----
Invocations    | 1 2 |  2.4
Short Blades   | 1 2 |  2.1
Long Blades    | 1 2 |  2.1
Axes           | 1 2 |  2.1
Maces & Flails | 1 2 |  2.1
Polearms       | 1 2 |  2.1
Staves         | 1 2 |  2.1
Throwing       | 1 2 |  2.1
Armour         | 1 2 |  2.1
Shields        | 1 2 |  2.1
Unarmed Combat | 1 2 |  2.1
Spellcasting   | 1 2 |  2.1
Evocations     | 1 2 |  2.1
Conjurations   | 1 |  1.7
Hexes          | 1 |  1.7
Summonings     | 1 |  1.7
Necromancy     | 1 |  1.7
Translocations | 1 |  1.7
Transmutations | 1 |  1.7
Fire Magic     | 1 |  1.7
Ice Magic      | 1 |  1.7
Air Magic      | 1 |  1.7
Earth Magic    | 1 |  1.7
Poison Magic   | 1 |  1.7
Stealth        | 3 |  3.2
Fighting       | 5 |  5.1
Dodging        | 5 |  5.1
Ranged Weapons | |  8.8

Action                     |  1- 3 |  4- 6 || total
---------------------------+-------+-------++-------
  Melee: Short sword       |    10 |       ||    10
         Bite              |     2 |       ||     2
   Fire: Shortbow          |   101 |   160 ||   261
 Invoke: Renounce Religion |       |     1 ||     1
         Ancestor Identity |       |     1 ||     1
 Armour: Leather armour    |    17 |    12 ||    29
  Dodge: Dodged            |    62 |    34 ||    96
